Map: Prion Terraces

Players

DarkSpartan - Winner!

  • Race: Terran Terran
  • League: Diamond

Grumm

  • Race: Protoss Protoss
  • League: Gold

VOD

Have the link to the VOD?

Description

Time

  • Played on: Jan. 21, 2016, 8:12 p.m.
  • Length: 11:47
Show
View Real Time Build Order
Export as new Build Order

DarkSpartan Terran - Winner!

Build Orders: Reaper Expand, MMM Bio 

Get SALT Encoding   

  12  0:01  SCV  
  13  0:13  SCV  
  14  0:17  Supply Depot  
  14  0:25  SCV  
  14  0:28  Refinery  
  15  0:40  Barracks  
  15  0:44  SCV  
  16  0:57  SCV  
  17  1:09  SCV  
  18  1:21  SCV  
  19  1:28  Reaper  
  20  1:33  Orbital Command  
  20  1:47  Command Center  
  20  2:07  SCV  
  21  2:08  Barracks Reactor  
  21  2:11  Barracks  
  21  2:18  Supply Depot  
  21  2:19  SCV  
  21  2:48  Marine x2  
  21  2:50  SCV  
  24  2:54  Barracks  
  24  3:01  Barracks Tech Lab  
  24  3:02  SCV  
  25  3:06  Marine x2  
  27  3:20  SCV  
  27  3:23  Marauder, Stimpack  
  27  3:24  Marine  
  31  3:27  Supply Depot  
  31  3:30  Marine  
  31  3:34  Orbital Command  
  31  3:44  SCV  
  31  3:48  Marine x2  
  32  3:49  Marauder  
  32  3:55  Factory  
  36  3:56  SCV  
  36  3:57  Barracks Tech Lab  
  36  3:58  Refinery  
  36  4:00  Supply Depot  
  36  4:01  SCV  
  38  4:06  Marine  
  38  4:08  Marine  
  38  4:09  SCV  
  41  4:13  Marauder, SCV  
  44  4:21  SCV  
  45  4:27  Marine x2  
  45  4:28  Marauder  
  49  4:38  Engineering Bay  
  49  4:41  Marauder  
  49  4:45  Starport, Widow Mine, Marine x2  
  55  4:51  Marauder  
  57  4:53  SCV x2  
  57  4:57  Combat Shields  
  52  5:21  SCV x2  
  52  5:28  Marine x2  
  57  5:33  SCV  
  57  5:34  Medivac  
  60  5:40  Command Center  
  62  5:43  Supply Depot  
  62  5:47  SCV x2  
  60  5:55  Supply Depot, Engineering Bay  
  60  5:56  Factory Reactor, Engineering Bay  
  60  5:59  SCV x2  
  62  6:09  Refinery x2  
  62  6:11  Marauder x2, Marine x2, SCV x2  
  68  6:12  Concussive Shells  
  70  6:32  SCV x2  
  71  6:34  Marine  
  71  6:35  Marauder x2, Marine  
  71  6:39  Terran Infantry Weapons Level 1  
  77  6:40  Terran Infantry Armor Level 1  
  77  6:44  SCV x2  
  69  7:16  Marine x2  
  69  7:17  Marauder, Marine  
  74  7:22  Medivac  
  74  7:23  Medivac, Orbital Command  
  74  7:25  SCV x2  
  80  7:31  Barracks  
  80  7:33  Barracks  
  80  7:34  Supply Depot, Barracks  
  80  7:35  Marauder  
  80  7:36  Barracks  
  80  7:37  Supply Depot, SCV x2, Barracks  
  82  7:38  Missile Turret  
  82  7:40  Missile Turret  
  84  7:49  SCV  
  84  7:51  Marauder, Marine x2  
  85  7:56  Marine  
  85  8:05  SCV  
  85  8:06  SCV x2  
  85  8:09  Marine x2  
  90  8:14  Armory  
  90  8:18  Supply Depot, SCV x2  
  90  8:19  Marauder x2, Supply Depot  
  96  8:21  SCV  
  91  8:30  SCV  
  91  8:33  Barracks Tech Lab x2, Barracks Reactor x2  
  92  8:39  SCV x2  
  92  8:40  Supply Depot  
  94  8:42  Refinery, SCV, Barracks Reactor  
  94  8:43  Supply Depot  
  94  8:44  Refinery  
  94  8:46  Marine  
  94  8:47  Marauder, Marine  
  94  8:48  Marauder  
  101  8:51  SCV x2  
  101  8:52  Ghost Academy  
  101  8:54  Marauder x2  
  107  8:58  Medivac  
  107  8:59  Medivac  
  111  9:04  Supply Depot, Marine x2  
  111  9:05  SCV  
  111  9:06  Supply Depot  
  111  9:08  Marine  
  115  9:25  Missile Turret  
  115  9:36  Marine x5  
  115  9:37  Marauder x2, Marine  
  115  9:38  Marauder x2, Marine x2  
  130  9:40  Medivac x2  
  130  9:42  Command Center  
  135  9:49  Missile Turret  
  135  9:53  Marine  
  135  9:54  Marine x2  
  135  9:59  Marauder x3  
  143  10:18  Missile Turret  
  143  10:19  Marine x2  
  143  10:20  Marauder, Marine x6  
  143  10:21  Marauder  
  155  10:27  Marauder  
  157  10:45  Supply Depot x2  
  157  10:46  Marine x2  
  157  10:51  Marine x2  
  152  11:09  Medivac, Supply Depot x2  
Show
View Real Time Build Order
Export as new Build Order

Grumm Protoss 

Build Orders: 1 Gate Expand 

Get SALT Encoding   

  12  0:01  Probe (Chrono Boost)  
  13  0:11  Probe (Chrono Boost)  
  14  0:23  Pylon  
  14  0:25  Probe (Chrono Boost)  
  15  0:42  Gateway, Probe (Chrono Boost)  
  16  1:09  Nexus  
  16  1:12  Probe (Chrono Boost)  
  16  1:17  Assimilator  
  17  1:24  Assimilator  
  17  1:27  Probe (Chrono Boost)  
  18  1:33  Zealot (Chrono Boost)  
  20  1:45  Cybernetics Core  
  20  2:02  Forge  
  20  2:04  Gateway  
  20  2:07  Probe  
  21  2:13  Zealot (Chrono Boost)  
  23  2:21  Probe  
  22  2:46  Photon Cannon  
  23  2:51  Probe  
  23  2:57  Stalker (Chrono Boost)  
  25  3:01  Pylon  
  25  3:21  Warp Gate (Chrono Boost)  
  25  3:22  Photon Cannon  
  23  3:35  Probe (Chrono Boost)  
  23  3:37  Mothership Core (Chrono Boost)  
  23  3:40  Protoss Ground Weapons Level 1 (Chrono Boost)  
  26  3:41  Stalker  
  26  3:48  Probe (Chrono Boost)  
  27  3:53  Pylon  
  27  3:56  Probe (Chrono Boost)  
  27  4:00  Probe (Chrono Boost)  
  29  4:07  Probe (Chrono Boost), Sentry  
  32  4:12  Probe (Chrono Boost), Adept  
  35  4:21  Probe (Chrono Boost)  
  37  4:24  Probe (Chrono Boost)  
  37  4:30  Stargate  
  37  4:34  Gateway  
  37  4:39  Adept  
  37  4:41  Adept  
  41  4:50  Probe x2 (Chrono Boost)  
  43  5:01  Probe  
  43  5:02  Probe  
  43  5:18  Probe x2  
  45  5:22  Photon Cannon x2  
  45  5:25  Assimilator  
  45  5:26  Zealot  
  45  5:27  Zealot  
  49  5:32  Oracle  
  52  5:40  Probe x2  
  54  5:55  Pylon  
  54  6:07  Assimilator  
  54  6:13  Void Ray, Probe x2  
  60  6:23  Photon Cannon  
  60  6:25  Zealot  
  62  6:35  Pylon  
  62  6:41  Pylon  
  62  6:44  Photon Cannon  
  54  6:48  Zealot x3  
  50  7:16  Zealot x3  
  50  7:17  Probe x2  
  56  7:45  Robotics Facility x2  
  56  7:49  Nexus  
  53  7:52  Gateway  
  53  7:55  Gateway  
  49  8:06  Stalker  
  49  8:07  Stalker x2  
  55  8:14  Void Ray  
  59  8:43  Photon Cannon  
  59  8:46  Pylon  
  59  8:48  Immortal x2  
  67  8:50  Pylon  
  67  8:51  Pylon  
  67  8:55  Photon Cannon  
  67  9:06  Probe  
  67  9:07  Probe  
  67  9:08  Probe  
  70  9:12  Photon Cannon  
  70  9:19  Probe  
  71  9:25  Stalker x2  
  71  9:26  Pylon, Stalker x2  
  71  9:27  Stalker  
  71  9:28  Protoss Ground Armor Level 1 (Chrono Boost)  
  81  9:35  Probe  
  82  9:39  Probe  
  82  9:41  Photon Cannon  
  83  9:46  Photon Cannon  
  83  9:49  Assimilator  
  83  9:50  Observer  
  83  9:52  Zealot  
  86  9:53  Assimilator, Zealot  
  88  10:02  Adept  
  88  10:03  Adept x2  
  92  10:18  Immortal (Chrono Boost)  
  83  10:40  Nexus  
  82  11:05  Stargate  
  82  11:07  Pylon  
  82  11:30  Probe  
  47  11:34  Zealot x2  
  47  11:35  Zealot  
Tags
 
Add a new tag
Caveats
  • Supply blocks, unpowered buildings, or Contaminate may cause inaccurate times.
  • Supply counts are checked every 10 seconds.